 Dungeon Crawl Stone Soup version 0.17.0-56-gd8de76c (webtiles) character file.

1529 lorenzova the Destroyer (level 8, 46/46 HPs)
             Began as a High Elf Conjurer on Dec 5, 2015.
             Quit the game on level 6 of the Dungeon.
             The game lasted 00:26:19 (8632 turns).

lorenzova the Destroyer (High Elf Conjurer)         Turns: 8632, Time: 00:26:19

Health: 46/46      AC:  5    Str:  7    XL:     8   Next: 55%
Magic:  19/19      EV: 13    Int: 21    God:
Gold:   342        SH:  0    Dex: 16    Spells: 3 memorised, 13 levels left

rFire  . . .     SeeInvis .     s - +3 dagger (venom)
rCold  . . .     Clarity  .     a - +0 robe
rNeg   . . .     SustAt   .     (no shield)
rPois  .         Gourm    .     (no helmet)
rElec  .         Spirit   .     (no cloak)
rCorr  .         Warding  .     (no gloves)
rMut   .         Stasis   .     h - +2 pair of boots
MR     .....                    E - amulet of inaccuracy (curse)
Stlth  ++........               (no ring)
                                (no ring)

@: not resistant to hostile enchantments, unstealthy
A: no striking features
a: no special abilities


You were on level 6 of the Dungeon.
You were very hungry.

You visited 1 branch of the dungeon, and saw 7 of its levels.
You also visited: Ossuary.

You collected 342 gold pieces.

Inventory:

Hand Weapons
 s - a +3 dagger of venom (weapon)
 t - a +1 dagger of protection
Armour
 a - a +0 robe (worn)
 h - a +2 pair of boots (worn)
Jewellery
 r - an uncursed amulet of faith
 u - an uncursed amulet of the gourmand
 y - an uncursed amulet of resist corrosion
 E - a cursed amulet of inaccuracy (around neck)
Wands
 m - a wand of digging (4)
 n - a wand of flame (16)
 w - a wand of paralysis (8)
Scrolls
 g - a scroll of noise
 j - a scroll of summoning {unknown}
 k - 4 scrolls of blinking
 o - a scroll of fog {unknown}
 v - 3 scrolls of teleportation
 x - 2 scrolls of magic mapping
 C - a scroll of immolation {unknown}
 I - a scroll of recharging {unknown}
Potions
 d - a potion of cure mutation
 e - 2 potions of agility
 f - 8 potions of curing {unknown}
 p - a potion of ambrosia
 q - a potion of beneficial mutation {unknown}
 z - 3 potions of flight {unknown}
 A - 2 potions of lignification {unknown}
 D - 2 potions of brilliance {unknown}
 G - 2 potions of might
 J - a potion of haste {unknown}
Books
 b - a book of Conjurations

   Spells                             Type                      Level
   a - Magic Dart                     Conjuration                  1
   b - Searing Ray                    Conjuration                  2
   c - Dazzling Spray                 Conjuration/Hexes            3
   d - Fulminant Prism                Conjuration/Hexes            4
   e - Iskenderun's Mystic Blast      Conjuration                  4
   f - Iskenderun's Battlesphere      Conjuration/Charms           5
Comestibles
 c - 4 bread rations
 i - a fruit
 B - a meat ration
 F - a slice of pizza
 H - 2 beef jerkies


   Skills:
 - Level 2.1 Dodging
 - Level 2.1 Stealth
 + Level 7.1 Spellcasting
 * Level 10.5 Conjurations


You had 13 spell levels left.
You knew the following spells:

 Your Spells              Type           Power        Failure   Level  Hunger
a - Magic Dart            Conj           ####         1%          1    None
b - Dazzling Spray        Conj/Hex       ####....     2%          3    None
c - Iskenderun's Mystic   Conj           ######..     1%          4    ###....


Dungeon Overview and Level Annotations

Branches:
Dungeon (7/15)
 Temple: D:4-7

Altars:
Ashenzari
Makhleb
Trog
Zin
The Shining One

Annotations:
D:7 exclusion: oklob plant


Message History

Confirm with . or Enter, or press ? or * to list all spells.
Aiming: Magic Dart
Press: ? - help, Shift-Dir - straight line, f/p - jelly
Aim: a jelly (almost dead, blind, hasn't noticed you)
The magic dart hits the jelly.
You kill the jelly!
You start resting.
You are no longer corroded.
You start resting.
You are feeling very hungry.
You start resting.
Magic restored.
You start resting.
HP restored.
There is a stone staircase leading down here.
There is a stone staircase leading down here.
You pace your travel speed to your slowest ally.
You are a level 8 High Elf Conjurer.
You are 55% of the way to level 9.
Play time: 00:26:12 (8632 turns) Are you sure you want to abandon this character and quit the game? (Confirm with "yes".)

........##'####..#.)..........§§§
#.####..#....'...'...........(.§§
....##..+....#...#...........####
.....#..##########...........#
.....#..................#'####
._......................#...#
.....#..................#...#####
.....#......>...........#...#....
....##..........@.......#...#....
#.####..................#...#....
........................#..##....
........##########......#..######
######### #......#.......#
#......#.......# #......#.......#
#......#.......' #......'.......#


There were no monsters in sight!

Vanquished Creatures
  Sigmund (D:4)
  Menkaure (D:6)
  An orc warrior (D:6)
  A centaur (D:5)
  2 giant frogs
  3 orc wizards (D:5)
  A centaur zombie (Ossuary)
  5 jellies
  2 human zombies (Ossuary)
  2 orc priests
  A giant frog skeleton (D:5)
  A worker ant (D:5)
  Terence (D:1)
  2 hounds (D:5)
  2 iguanas (D:6)
  2 big kobold zombies (Ossuary)
  2 mummies (Ossuary)
  2 hound skeletons
  A hound zombie (D:5)
  Robin (D:3)
  8 adders
  5 oozes (D:7)
  2 adder zombies
  2 worms
  4 giant geckos
  13 orcs
  3 ball pythons
  9 giant cockroaches
  7 hobgoblins
  4 jackals (D:4)
  9 bats
  6 giant newts
  15 goblins
  4 goblin zombies (Ossuary)
  15 hobgoblin zombies (Ossuary)
  A jackal skeleton (D:6)
  6 kobolds
  6 kobold zombies (Ossuary)
  6 orc zombies (Ossuary)
  2 quokkas
  A quokka skeleton (D:4)
  39 rats
201 creatures vanquished.

Vanquished Creatures (others)
  6 fungi (D:7)
6 creatures vanquished.

Grand Total: 207 creatures vanquished

Notes
Turn   | Place    | Note
--------------------------------------------------------------
     0 | D:1      | lorenzova the High Elf Conjurer began the quest for the Orb.
     0 | D:1      | Reached XP level 1. HP: 11/11 MP: 4/4
   376 | D:1      | Reached XP level 2. HP: 17/17 MP: 3/6
  1267 | D:2      | Reached skill level 5 in Conjurations
  1267 | D:2      | Reached XP level 3. HP: 19/21 MP: 0/8
  1337 | D:2      | Learned a level 3 spell: Dazzling Spray
  1728 | D:2      | Noticed Terence
  1766 | D:1      | Killed Terence
  1766 | D:1      | Reached XP level 4. HP: 20/27 MP: 1/10
  1910 | D:2      | Learned a level 4 spell: Iskenderun's Mystic Blast
  2084 | D:2      | Reached skill level 6 in Conjurations
  2554 | D:3      | Reached XP level 5. HP: 31/31 MP: 4/11
  2894 | D:3      | Noticed Robin
  2907 | D:3      | Killed Robin
  3017 | D:3      | Found a shattered altar of Ashenzari.
  3475 | D:3      | Found a glowing golden altar of the Shining One.
  3785 | D:4      | Found a sand-covered staircase.
  3811 | Ossuary  | Entered an ossuary
  4436 | Ossuary  | Reached skill level 7 in Conjurations
  4436 | Ossuary  | Reached XP level 6. HP: 15/36 MP: 0/13
  5054 | D:4      | Found a bloodstained altar of Trog.
  5508 | D:4      | Noticed Sigmund
  5514 | D:4      | Killed Sigmund
  5514 | D:4      | Reached skill level 5 in Spellcasting
  5514 | D:4      | Reached skill level 8 in Conjurations
  5514 | D:4      | Reached XP level 7. HP: 41/41 MP: 0/16
  5740 | D:5      | Entered Level 5 of the Dungeon
  6192 | D:5      | Found a burning altar of Makhleb.
  6284 | D:5      | Reached skill level 9 in Conjurations
  6987 | D:6      | Noticed Menkaure
  6996 | D:6      | Killed Menkaure
  6996 | D:6      | Reached XP level 8. HP: 46/46 MP: 3/18
  7407 | D:6      | Found a glowing silver altar of Zin.
  8202 | D:6      | Reached skill level 10 in Conjurations
  8365 | D:7      | Noticed an oklob plant
  8632 | D:6      | Quit the game

Action                   |  1- 3 |  4- 6 |  7- 9 || total
-------------------------+-------+-------+-------++-------
Melee: Short sword       |     5 |    73 |       ||    78
       Dagger            |       |   118 |    45 ||   163
 Cast: Magic Dart        |    65 |   179 |   109 ||   353
       Dazzling Spray    |     3 |     5 |     8 ||    16
       Iskenderun's Myst |       |     5 |     7 ||    12
  Use: Scroll            |       |     1 |    10 ||    11
 Stab: Invisible         |     1 |       |     2 ||     3
       Sleeping          |       |     2 |     3 ||     5
  Eat: Chunk             |     2 |    10 |    10 ||    22
       Royal jelly       |       |     1 |       ||     1
       Pizza             |       |     1 |       ||     1
       Fruit             |       |       |     2 ||     2
